 Dungeon Crawl Stone Soup version 0.30-a0-867-g305f33218d (webtiles) character file.

Game seed: 6652406438708575272

29908 jasper the Cleaver (level 13, -3/157 HPs)
             Began as a Demonspawn Berserker on Mar 10, 2023.
             Was an Elder of Trog.
             Slain by a boulder beetle (8 damage)
             ... on level 5 of the Lair of Beasts.
             The game lasted 00:23:08 (15863 turns).

jasper the Cleaver (Demonspawn Berserker)          Turns: 15863, Time: 00:23:09

Health: -3/157     AC: 19    Str: 23    XL:     13   Next: 17%
Magic:  13/13      EV:  8    Int:  8    God:    Trog [****..]
Gold:   747        SH:  0    Dex: 17    Spells: 12/12 levels left

rFire   . . .      SeeInvis .    N - +4 battleaxe
rCold   . . .      Faith    .    (shield currently unavailable)
rNeg    . . .      Spirit   .    J - +0 plate armour
rPois   .          Reflect  .    (helmet restricted)
rElec   .          Rampage  .    S - +0 cloak
rCorr   .                        T - +0 pair of gloves
Will    .....                    E - +1 pair of boots Stlth
                                 n - amulet of the acrobat
HPRegen 0.46/turn                (no ring)
MPRegen 0.13/turn                (no ring)

@: berserking, very quick
A: horns 2, thin skeletal structure 2, spiny 2, demonic magic 1, bedeviling
a: Renounce Religion, Berserk, Trog's Hand, Brothers in Arms


You were on level 5 of the Lair of Beasts.
You worshipped Trog.
Trog was greatly pleased with you.
You visited 2 branches of the dungeon, and saw 15 of its levels.
You also visited: Sewer.

You collected 747 gold pieces.

Inventory:

Hand Weapons
 g - a +6 demon trident of draining
 N - a +4 battleaxe (weapon)
 O - a +3 battleaxe
 R - a +1 antimagic hand axe
 V - a +5 broad axe
Missiles
 d - 64 stones (quivered)
 i - 6 javelins
 G - 4 curare-tipped darts
Armour
 E - a +1 pair of boots (worn)
 J - a +0 plate armour (worn)
 S - a +0 cloak (worn)
 T - a +0 pair of gloves (worn)
 Y - a +0 buckler
Jewellery
 n - an amulet of the acrobat (around neck)
 C - an amulet of magic regeneration
 H - a ring of fire
 U - the ring "Hagoh" {rElec rC+ Str+4 Slay-2 SInv}
   (You found it on level 2 of the Lair of Beasts)

   [ring of protection from cold]

   Str:       It affects your strength (+4).
   Slay:      It affects your accuracy & damage with ranged weapons and melee
   (-2).
   rC:        It protects you from cold.
   rElec:     It insulates you from electricity.
   SInv:      It lets you see invisible.
Wands
 e - a wand of digging (10)
 v - a wand of roots (7)
 B - a wand of charming (8)
 D - a wand of polymorph (2)
 P - a wand of flame (22)
 X - a wand of acid (6)
Scrolls
 a - 4 scrolls of vulnerability
 j - a scroll of identify
 k - 4 scrolls of blinking
 o - 3 scrolls of torment
 q - 6 scrolls of teleportation
 s - 4 scrolls of fear
 w - 4 scrolls of fog
 y - 2 scrolls of poison
 M - 2 scrolls of immolation
Potions
 b - 3 potions of invisibility
 c - 5 potions of flight
 f - 4 potions of curing
 h - a potion of ambrosia
 l - 4 potions of degeneration
 m - 2 potions of haste
 p - 4 potions of magic
 r - 3 potions of heal wounds
 u - 4 potions of mutation
 x - 3 potions of brilliance
 z - 3 potions of lignification
 A - 2 potions of cancellation
 I - 2 potions of attraction
 Z - a potion of might
Miscellaneous
 W - a tin of tremorstones (2/2)


   Skills:
 + Level 10.8 Fighting
 * Level 13.6 Axes
 + Level 9.5 Armour
 - Level 1.7 Dodging
 - Level 10.0 Evocations


You had 12 spell levels left.
You didn't know any spells.
Your spell library was empty.

Dungeon Overview and Level Annotations

Branches:
Dungeon (11/15)            Temple (0/1) D:5            Lair (5/5) D:11
 Shoals (0/4) Lair:2        Snake (0/4) Lair:2        Slime (0/5) Lair:5
  Sewer (visited)
    Orc: D:9-12

Altars:
Gozag
Hepliaklqana
Qazlal

Shops:
D:8 :

Annotations:
D:5 3 runed translucent doors, ColdPorridge's ghost, novice DgTm
Lair:3 3 runed translucent doors, exclusion: oklob plant, luigi's ghost, journeyman DsEE


Innate Abilities, Weirdness & Mutations

You have a pair of horns on your head.
You have a moderately thin skeletal structure. (Dex +4, Stealth++)
You are mostly covered in sharp spines.
Spells you cast may paralyse adjacent enemies.
Your hexes are more powerful.


Message History

Your skin stops crawling.
You feel less strong-willed.
Aiming: Polymorph
Press: ? - help, Shift-Dir - straight line, f - boulder beetle
Aim: a boulder beetle (moderately wounded, rolling, will become a faun, a radroach, or an ettin, chance to affect: 54%)
The boulder beetle resists with significant effort.
The boulder beetle hits you!!
The boulder beetle stops rolling and uncurls.
You take 33 damage, and have 34/105 hp.
MASSIVE DAMAGE!!
You hit the boulder beetle but do no damage.
The boulder beetle is moderately wounded.
The boulder beetle bites you!
* * * LOW HITPOINT WARNING * * *
You take 8 damage, and have 26/105 hp.
You slash the boulder beetle!
The boulder beetle is moderately wounded.
The boulder beetle completely misses you.
A red film seems to cover your vision as you go berserk!
You feel yourself moving faster!
You feel mighty! The boulder beetle bites you!
* * * LOW HITPOINT WARNING * * *
You now have 30/157 hp.
You hit the boulder beetle.
The boulder beetle is moderately wounded.
The boulder beetle bites you!
* * * LOW HITPOINT WARNING * * *
You take 13 damage, and have 17/157 hp.
You slash the boulder beetle!
The boulder beetle is heavily wounded.
You hit the boulder beetle.
The boulder beetle is heavily wounded.
The boulder beetle bites you but does no damage.
You slice the boulder beetle!!
The boulder beetle is almost dead.
The boulder beetle bites you!
* * * LOW HITPOINT WARNING * * *
You take 14 damage, and have 4/157 hp.
You hit the boulder beetle but do no damage.
You headbutt the boulder beetle, but do no damage.
The boulder beetle is almost dead.
The boulder beetle bites you!
You die...

**~~8* *,,,*,,,,,,,,,,,,**,,,**
*~~****#....*.#......)..**,,,,*
*~~* *....P##..........,,,,,**
~~***##.................,,,,,,*
*~~~*#......?...........,,,,,**
**~**#..................,,,,,,*
***##..#,#.............,,,,,**
## ##..######...B.......,,,,,**
.###...#........@.......,*,,,,*
....†...................,,,,,,*
...†........P...........,,,,,,*
#.P..........P##........,,,,,**
#.#...........####......,*,,,,*
###............# *##....,,,,,,*
*#...........### *,...#**,,,,*
*#...........# *,,..#*,,,,,*
##...........#******,,,,**,,,**


You could see a boulder beetle.

Vanquished Creatures
  Rupert (Lair:3)
  A hydra (Lair:3)
  2 boulder beetles
  5 death yaks (Lair:1)
  4 two-headed ogres
  Urug (Lair:3)
  A lindwurm (Lair:5)
  A cyclops (D:11)
  3 manticores (D:11)
  Joseph (D:7)
  A black mamba (Lair:5)
  3 gargoyles
  4 cane toads
  A komodo dragon (Lair:1)
  An unseen horror (D:11)
  A rime drake (Lair:3)
  3 trolls
  7 blink frogs
  A hornet (D:10)
  40 yaks
  2 wyverns
  3 wraiths
  3 basilisks
  A steam dragon (D:8)
  7 nagas (Lair:2)
  8 water moccasins
  Duvessa (D:5)
  3 orc warriors
  A sky beast (D:7)
  2 ice beasts
  5 ogres
  A centaur (D:4)
  9 wolves
  3 phantoms
  Blork the orc (D:4)
  A kobold brigand (D:9)
  10 bullfrogs
  2 scorpions
  11 wights
  Dowan (D:5)
  6 killer bees (D:8)
  6 howler monkeys (D:8)
  An electric eel (D:10)
  2 jellies
  4 orc priests
  2 hounds
  2 iguanas
  Crazy Yiuf (D:4)
  Terence (D:2)
  Natasha (thrice) (D:4)
  2 orc wizards (D:7)
  Ijyb (D:4)
  12 adders
  4 river rats (Sewer)
  A shadow imp (D:7)
  3 white imps
  An ufetubus (D:5)
  2 worms
  3 dart slugs
  19 orcs
  6 endoplasms
  6 giant cockroaches
  6 goblins
  4 hobgoblins
  7 jackals
  3 quokkas
  14 ball pythons
  6 bats
  8 frilled lizards
  13 kobolds
  39 rats
345 creatures vanquished.

Vanquished Creatures (others)
  A quokka (D:3)
  6 fungi
  9 plants
16 creatures vanquished.

Grand Total: 361 creatures vanquished

Notes
Turn   | Place    | Note
-------+----------+-------------------------------------------
     0 | D:1      | jasper the Demonspawn Berserker began the quest for the
                  | Orb.
     0 | D:1      | Reached XP level 1. HP: 18/18 MP: 1/1
   151 | D:1      | Reached skill level 3 in Axes
   210 | D:1      | Gained mutation: You are partially covered in sharp spines.
                  | [demonic ancestry]
   210 | D:1      | Reached XP level 2. HP: 22/24 MP: 2/2
   455 | D:1      | Reached XP level 3. HP: 29/29 MP: 3/3
   777 | D:1      | Found a faded altar of an unknown god.
   818 | D:2      | Reached ** piety under Trog
   865 | D:2      | Noticed Terence
   877 | D:2      | Killed Terence
   878 | D:2      | Reached skill level 4 in Axes
   966 | D:2      | Reached XP level 4. HP: 37/37 MP: 4/4
  1564 | D:3      | Found a glowing drain.
  1588 | Sewer    | Entered a sewer
  1633 | Sewer    | Reached *** piety under Trog
  1669 | Sewer    | Gained mutation: You have a pair of small horns on your
                  | head. [demonic ancestry]
  1669 | Sewer    | Reached XP level 5. HP: 35/42 MP: 5/5
  2011 | Sewer    | Reached skill level 5 in Axes
  2011 | Sewer    | Gained mutation: You have a somewhat thin skeletal
                  | structure. (Dex +2, Stealth+) [demonic ancestry]
  2011 | Sewer    | Reached XP level 6. HP: 42/49 MP: 6/6
  2012 | Sewer    | Reached **** piety under Trog
  2337 | D:3      | Found an opulent altar of Gozag.
  2338 | D:3      | Found an opulent altar of Gozag.
  2338 | D:3      | Found an opulent altar of Gozag.
  2349 | D:3      | Found an opulent altar of Gozag.
  2541 | D:4      | Reached XP level 7. HP: 55/55 MP: 7/7
  2821 | D:4      | Noticed Ijyb
  2839 | D:4      | Killed Ijyb
  2897 | D:4      | Noticed Blork the orc
  2906 | D:4      | Killed Blork the orc
  2907 | D:4      | Reached skill level 5 in Fighting
  2907 | D:4      | Reached skill level 6 in Axes
  3074 | D:4      | Noticed Natasha
  3076 | D:4      | Killed Natasha
  3415 | D:4      | Found a runed translucent door.
  3416 | D:4      | Noticed Crazy Yiuf
  3439 | D:4      | Noticed Natasha
  3444 | D:4      | Killed Natasha
  3514 | D:4      | Noticed Natasha
  3520 | D:4      | Killed Natasha
  3588 | D:4      | Killed Crazy Yiuf
  3632 | D:5      | Entered Level 5 of the Dungeon
  3813 | D:5      | Found a staircase to the Ecumenical Temple.
  3994 | D:5      | Gained mutation: Spells you cast may paralyse adjacent
                  | enemies. [demonic ancestry]
  3994 | D:5      | Reached XP level 8. HP: 58/63 MP: 8/8
  4240 | D:5      | Found a runed translucent gate.
  4240 | D:5      | Found a runed translucent gate.
  4240 | D:5      | Found a runed translucent gate.
  4240 | D:5      | Noticed ColdPorridge's ghost (novice DgTm)
  4455 | D:5      | Found a hazy altar of Hepliaklqana.
  4457 | D:5      | Found a stormy altar of Qazlal.
  4462 | D:5      | Noticed Duvessa
  4462 | D:5      | Noticed Dowan
  4472 | D:5      | Killed Dowan
  4473 | D:5      | Reached skill level 7 in Axes
  4473 | D:5      | Killed Duvessa
  5272 | D:6      | Reached skill level 5 in Armour
  5303 | D:6      | Reached skill level 8 in Axes
  5892 | D:7      | Gained mutation: You have a moderately thin skeletal
                  | structure. (Dex +4, Stealth++) [demonic ancestry]
  5892 | D:7      | Reached XP level 9. HP: 50/71 MP: 9/9
  6396 | D:7      | Reached ***** piety under Trog
  6711 | D:7      | Noticed Joseph
  6729 | D:7      | Killed Joseph
  6730 | D:7      | Reached skill level 9 in Axes
  7867 | D:8      | Found Iluh's Book Emporium.
  8129 | D:8      | Reached skill level 10 in Axes
  8129 | D:8      | Gained mutation: You are mostly covered in sharp spines.
                  | [demonic ancestry]
  8129 | D:8      | Reached XP level 10. HP: 63/80 MP: 10/10
  8789 | D:9      | Noticed a two-headed ogre
  8802 | D:8      | Noticed a two-headed ogre
  8850 | D:8      | Killed a two-headed ogre
  8958 | D:9      | Reached skill level 11 in Axes
  9134 | D:10     | Entered Level 10 of the Dungeon
  9163 | D:10     | Noticed a gargoyle
  9177 | D:10     | Killed a gargoyle
  9892 | D:10     | Noticed a two-headed ogre
  9898 | D:10     | Killed a two-headed ogre
 10215 | D:10     | Gained mutation: You have a pair of horns on your head.
                  | [demonic ancestry]
 10215 | D:10     | Reached XP level 11. HP: 64/89 MP: 11/11
 10215 | D:10     | Received a gift from Trog
 10808 | D:11     | Reached skill level 12 in Axes
 10861 | D:11     | Noticed a two-headed ogre
 11046 | D:11     | Found a staircase to the Lair.
 11466 | D:11     | Noticed a two-headed ogre
 11475 | D:11     | Killed a two-headed ogre
 11476 | D:11     | Reached skill level 10 in Fighting
 11829 | D:11     | Killed a two-headed ogre
 11945 | Lair:1   | Entered Level 1 of the Lair of Beasts
 12084 | Lair:1   | Reached skill level 13 in Axes
 12181 | Lair:1   | Noticed a boulder beetle
 12210 | Lair:1   | Killed a boulder beetle
 12293 | Lair:1   | Reached skill level 1 in Evocations
 12293 | Lair:1   | Gained mutation: Your hexes are more powerful. [demonic
                  | ancestry]
 12293 | Lair:1   | Reached XP level 12. HP: 65/98 MP: 12/12
 12760 | Lair:1   | Noticed a death yak
 12760 | Lair:1   | Noticed a death yak
 12788 | Lair:1   | Killed a death yak
 12904 | Lair:1   | Killed a death yak
 12905 | Lair:1   | Noticed a death yak
 12907 | Lair:1   | Noticed a death yak
 12909 | Lair:1   | Noticed a death yak
 12912 | Lair:1   | Killed a death yak
 12917 | Lair:1   | Killed a death yak
 12918 | Lair:1   | Reached skill level 5 in Evocations
 12921 | Lair:1   | Killed a death yak
 13758 | Lair:2   | Found a staircase to the Snake Pit.
 14141 | Lair:2   | Identified the ring "Hagoh" {rElec rC+ Str+4 Slay-2 SInv}
 14239 | Lair:2   | Found a staircase to the Shoals.
 14663 | Lair:3   | Noticed a death yak
 14664 | Lair:3   | Found a runed translucent gate.
 14666 | Lair:3   | Found a runed translucent gate.
 14667 | Lair:3   | Found a runed translucent gate.
 14667 | Lair:3   | Noticed luigi's ghost (journeyman DsEE)
 14670 | Lair:3   | Noticed a five-headed hydra
 14672 | Lair:3   | Noticed Rupert
 14673 | Lair:3   | Paralysed by Rupert for 5 turns
 14697 | Lair:3   | Killed Rupert
 14698 | Lair:3   | Reached skill level 10 in Evocations
 15104 | Lair:3   | Noticed a four-headed hydra
 15111 | Lair:3   | Killed a four-headed hydra
 15463 | Lair:3   | Noticed Urug
 15474 | Lair:3   | Killed Urug
 15704 | Lair:3   | You fall into a shaft and drop 2 floors!
 15704 | Lair:5   | Entered Level 5 of the Lair of Beasts
 15709 | Lair:5   | Reached XP level 13. HP: 94/104 MP: 13/13
 15862 | Lair:5   | HP: 4/157 [boulder beetle (14)]
 15863 | Lair:5   | Slain by a boulder beetle

Illustrated notes

Levels and vault maps discovered:
D:1:      denvon_arrival_waterhouse, layout_loops_ring,
          hellmonk_ecumenical_altar_leap_of_faith
D:2:      layout_rooms, uniq_terence
D:3:      layout_basic, nicolae_gozag_conspicuous_consumption, elyvilon_altar_4,
          cheibrodos_sewer_entry_drain
D:4:      layout_loops_ring, serial_glass, glass_columns_a, glass_columns_c,
          minmay_close_crescents, uniq_natasha, uniq_blork_the_orc, uniq_ijyb,
          uniq_crazy_yiuf_cottage
D:5:      layout_loops_corners, nicolae_overflow_hidden_temple,
          minmay_temple_entry_statues_fountains, ebering_ghost_rock_garden,
          uniq_duvessa
D:6:      layout_rooms
D:7:      dreamdust_elfheim, layout_layer_cave, uniq_joseph
D:8:      layout_loops_ring, serial_shops, shop_fountains
D:9:      layout_big_octagon, grunt_temple_overflow_champion_of_chaos,
          hellmonk_ghost_happy_afterlife, corexii_hall_statues_u, worms_lemuel
D:10:     argonaut_augean_stables, layout_layer_cave, minmay_hedge_maze
D:11:     layout_loops_ring, minmay_fractal_squares_5
Lair:1:   layout_chaotic_city, hibernation_bobbens
Lair:2:   layout_long_grid, elwin_shoals_entry_rooms,
          minmay_snake_entry_guardpost_large
Lair:3:   layout_small_grid, gammafunk_ghost_split,
          portal_ice_cave_entry_pillars_2, infiniplex_staircase_pool, uniq_urug,
          uniq_rupert
Lair:5:   cheibrodos_lair_end_hotspot, layout_small_grid, slime_entry_1,
          gauntlet_entry_generic, patterned_corridor

Skill      XL: |  1  2  3  4  5  6  7  8  9 10 11 12 |
---------------+-------------------------------------+-----
Axes           | 3 4 5 6 8 10 11 13 | 13.6
Armour         | 2 3 4 5 6 7 9 |  9.5
Fighting       | 4 5 6 7 9 10 | 10.8
Evocations     | 1 10 | 10.0
Dodging        | |  1.7

Action                     |  1- 3 |  4- 6 |  7- 9 | 10-12 | 13-15 || total
---------------------------+-------+-------+-------+-------+-------++-------
  Melee: Hand axe          |    58 |       |       |       |       ||    58
         War axe           |     3 |   116 |   216 |       |       ||   335
         Punch             |       |     2 |       |       |       ||     2
         Headbutt          |       |    11 |    50 |    74 |    11 ||   146
         Battleaxe         |       |       |    22 |   293 |    53 ||   368
         Dire flail        |       |       |       |     4 |       ||     4
  Throw: Stone             |       |     2 |       |    11 |       ||    13
         Dart              |       |       |       |     6 |       ||     6
 Invoke: Berserk           |     1 |     1 |     2 |     9 |     1 ||    14
         Trog's Hand       |       |       |       |     3 |     2 ||     5
         Brothers in Arms  |       |       |       |     2 |       ||     2
  Evoke: Wand              |       |       |       |    13 |     1 ||    14
    Use: Scroll            |     5 |     6 |    13 |     7 |     1 ||    32
         Potion            |       |       |       |     1 |     3 ||     4
   Stab: Sleeping          |     2 |       |       |       |       ||     2
 Armour: Animal skin       |    11 |       |       |       |       ||    11
         Chain mail        |     2 |    57 |    52 |       |       ||   111
         Robe              |     2 |       |       |       |       ||     2
         Plate armour      |       |       |    50 |   152 |    37 ||   239
  Dodge: Dodged            |    32 |    54 |    97 |   143 |    26 ||   352

Table legend: (Time is in decaauts)
 A = Elapsed time spent in this place.
 B = Non-inter-level travel time spent in this place.
 C = Inter-level travel time spent in this place.
 D = Time resting spent in this place.
 E = Time spent auto-exploring this place.
 F = Levels seen in this place.
 G = Mean time per level.
                   A        B        C        D        E       F      G
               +--------+--------+--------+--------+--------+-----+--------+
         Total |  16193 |  15494 |    699 |   2046 |  10601 |  16 | 1012.1 |
       Dungeon |  11657 |  11109 |    548 |   1592 |   7657 |  11 | 1059.7 |
          Lair |   3987 |   3836 |    151 |    332 |   2843 |   4 |  996.8 |
         Sewer |    548 |    548 |      0 |    121 |    100 |   1 |  548.0 |
               +--------+--------+--------+--------+--------+-----+--------+

Top non-repeatable levels by time:
    D:10: 1698 daAuts
     D:7: 1683 daAuts
  Lair:1: 1670 daAuts
     D:5: 1543 daAuts
     D:8: 1506 daAuts
  Lair:3: 1207 daAuts
    D:11: 1176 daAuts
     D:4: 1131 daAuts
  Lair:2: 949 daAuts
     D:1: 818 daAuts
     D:2: 697 daAuts
     D:6: 627 daAuts
     D:3: 600 daAuts
   Sewer: 548 daAuts
     D:9: 172 daAuts
